 Dungeon Crawl Stone Soup version 0.24.1-4-ge52af88ad5 (webtiles) character file.

Game seed: 6182688062172386723, levelgen mode: deterministic

2752 MajorAdolf the Cleaver (level 9, -2/79 HPs)
             Began as a Naga Wanderer on Apr 13, 2020.
             Was an Initiate of Gozag.
             Slain by a crocodile (6 damage)
             ... on level 8 of the Dungeon.
             The game lasted 00:20:00 (10538 turns).

MajorAdolf the Cleaver (Naga Wanderer)             Turns: 10538, Time: 00:20:00

Health: -2/79      AC: 10    Str: 20    XL:     9   Next: 68%
Magic:  0/21       EV: 12    Int: 12    God:    Gozag
Gold:   345        SH:  0    Dex: 14    Spells: 8/8 levels left

rFire    + . .     SeeInvis +   s - +1 broad axe (venom)
rCold    + . .     Gourm    .   (no shield)
rNeg     . . .     Faith    .   g - +0 chain mail
rPois    +         Spirit   +   B - +1 helmet
rElec    .         Reflect  .   l - scarf {rC+ rF+}
rCorr    .         Harm     .   (no gloves)
MR       +....                  (no barding)
Stlth    ..........             u - amulet of guardian spirit
HPRegen  0.23/turn              d - ring of magical power
MPRegen  0.17/turn              (no ring)

@: agile, short of breath, very slow
A: large, see invisible, deformed body, poison resistance, slowness 2, slow
metabolism 1, spit poison 1, AC +3
a: Spit Poison, Potion Petition, Call Merchant, Bribe Branch, Renounce Religion


You were on level 8 of the Dungeon.
You worshipped Gozag.
Gozag was aware of your devotion.
You were not hungry.

You visited 1 branch of the dungeon, and saw 8 of its levels.

You collected 957 gold pieces.
You spent 38 gold pieces at shops.
You paid 574 gold pieces to Gozag.

Inventory:

Hand Weapons
 s - a +1 broad axe of venom (weapon)
Missiles
 b - 125 stones (quivered)
Armour
 g - a +0 chain mail (worn)
 l - a scarf of resistance (worn)
 B - a +1 helmet (worn)
Jewellery
 d - a ring of magical power (left hand)
 u - an amulet of guardian spirit (around neck)
Wands
 q - a wand of polymorph (2)
 x - a wand of flame (14)
 A - a wand of random effects (3)
Scrolls
 i - 7 scrolls of teleportation
 j - 10 scrolls of identify
 o - a scroll of enchant armour
 v - 3 scrolls of remove curse
Potions
 a - 2 potions of flight {unknown}
 c - 3 potions of curing
 h - a potion of magic {unknown}
 k - a potion of haste {unknown}
 m - a potion of berserk rage {unknown}
 n - a potion of ambrosia {unknown}
 p - a potion of heal wounds {unknown}
 t - 4 potions of brilliance {unknown}
 w - 2 potions of lignification {unknown}
Comestibles
 f - 9 rations


   Skills:
 + Level 4.6 Fighting
 * Level 8.2 Axes
   Level 2.0 Staves
 - Level 1.0 Throwing
 + Level 4.8 Armour
 + Level 3.9 Dodging
 - Level 1.6 Stealth
   Level 1.0 Conjurations
   Level 2.0 Hexes
 + Level 4.4 Evocations


You had 8 spell levels left.
You didn't know any spells.
Your spell library contained the following spells:

 Spells                   Type           Power        Failure   Level  Hunger
 Magic Dart               Conj           #...         91%         1    ##.....
 Summon Small Mammal      Summ           #...         97%         1    ##.....
 Searing Ray              Conj           #.....       97%         2    ###....
 Dazzling Spray           Conj/Hex       #.....       99%         3    ####...
 Call Canine Familiar     Summ           #.......     100%        3    ####...
 Force Lance              Conj/Tloc      #.......     100%        4    #####..
 Fulminant Prism          Conj/Hex       #.........   100%        4    #####..
 Iskenderun's Mystic Bla  Conj           #.......     100%        4    #####..


Dungeon Overview and Level Annotations

Branches:
Dungeon (8/15)             Temple (0/1) D:7
   Lair: D:8-11

Altars:
Gozag
Hepliaklqana
Makhleb
Okawaru
Qazlal
Ru
Vehumet
Xom
Yredelemnul
Zin

Shops:
D:8 *

Annotations:
D:3 exclusion: iguana, Sigmund


Innate Abilities, Weirdness & Mutations

You cannot wear boots.
Your serpentine skin is tough. (AC +3)
You have supernaturally acute eyesight. (SInv)
Armour fits poorly on your strangely shaped body.
Your system is resistant to poisons. (rPois)
You cover ground very slowly.
You have a slow metabolism.
You can spit poison.


Message History

The crocodile is severely wounded.
You feel slightly more hungry. The crocodile bites you.
* * * LOW HITPOINT WARNING * * *
Unknown command.
Evoke which item? (* to show all) (? for menu, Esc to quit)
Okay, then.
Okay, then.
Okay, then.
Okay, then.
You feel agile all of a sudden. The crocodile closely misses you.
Evoke which item? (* to show all) (? for menu, Esc to quit)
Aiming: Random Effects
Press: ? - help, Shift-Dir - straight line, f/p - crocodile
Aim: a crocodile (severely wounded, poisoned)
The crocodile seems to speed up.
The crocodile bites you!
* * * LOW HITPOINT WARNING * * *
The crocodile bites you.
You die...
Your body crumbles into a pile of gold.

.####....##########.....##.......
.+.......................'.......
.####....##.#######.....##.......
## #######......#......###......
# #......#.###.## #......
#......#.# #.####.#...#
##.##...#.# #......##'##
######...#...#.# #########.# ###
#......_...t@..# ######.## ..#
#....#...####..# #........
..###....##.## ##.# #.#.#....
............# ##.######........
######......# #................
#......#####.#######.#..#...
######.......# #.#..#.#.
######### #.#....#. #........


You could see a crocodile.

Vanquished Creatures
  Pikel (D:7)
  A hornet (D:8)
  Eustachio (D:4)
  Duvessa (D:5)
  A water moccasin (D:5)
  4 slaves (D:7)
  2 ice beasts (D:8)
  A sky beast (D:5)
  An ogre (D:6)
  A big kobold (D:8)
  3 bullfrogs
  Dowan (D:5)
  A scorpion (D:4)
  2 crimson imps
  3 howler monkeys
  A centaur skeleton (D:5)
  3 hounds
  2 orc priests
  2 jellies
  An orc wizard (D:3)
  2 bullfrog skeletons
  5 iguanas
  Ijyb (D:3)
  Natasha (thrice) (D:2)
  3 worker ants
  A hound zombie (D:6)
  A hound skeleton (D:8)
  Robin (D:2)
  4 adders
  2 shadow imps
  An adder zombie (D:6)
  2 adder skeletons (D:4)
  2 worms (D:5)
  4 dart slugs
  5 leopard geckos
  16 orcs
  2 ball pythons
  6 giant cockroaches
  13 goblins
  11 hobgoblins
  6 jackals
  9 kobolds
  5 quokkas
  6 bats
  A frilled lizard (D:3)
  A jackal zombie (D:5)
  A quokka skeleton (D:4)
  4 rats
151 creatures vanquished.

Vanquished Creatures (others)
  3 bushes (D:8)
  2 fungi (D:8)
  19 plants (D:8)
24 creatures vanquished.

Grand Total: 175 creatures vanquished

Notes
Turn   | Place    | Note
-------+----------+-------------------------------------------
     0 | D:1      | MajorAdolf the Naga Wanderer began the quest for the Orb.
     0 | D:1      | MajorAdolf set off with the following items: a +0 club, a
                  | potion of curing, a +0 robe, a ration; and the following
                  | spells available to memorise: Magic Dart, Summon Small
                  | Mammal, Searing Ray, Dazzling Spray, Call Canine Familiar,
                  | Fulminant Prism, Iskenderun's Mystic Blast, Force Lance
     0 | D:1      | Reached XP level 1. HP: 18/18 MP: 1/1
   242 | D:2      | Reached skill level 1 in Armour
   307 | D:1      | Reached XP level 2. HP: 25/25 MP: 2/2
   959 | D:1      | Reached XP level 3. HP: 30/31 MP: 3/3
  1094 | D:1      | You fall into a shaft and drop 1 floor!
  1105 | D:2      | Noticed Robin
  1796 | D:2      | Noticed Natasha
  1808 | D:2      | Killed Natasha
  1808 | D:2      | Reached XP level 4. HP: 15/38 MP: 4/4
  2570 | D:2      | Reached skill level 1 in Axes
  2586 | D:2      | Killed Robin
  2729 | D:2      | Found a hazy altar of Hepliaklqana.
  2786 | D:2      | Noticed Natasha
  2790 | D:2      | Killed Natasha
  2790 | D:2      | Reached skill level 2 in Axes
  2790 | D:2      | Reached XP level 5. HP: 44/44 MP: 5/5
  2911 | D:2      | Noticed Natasha
  2921 | D:2      | Killed Natasha
  3027 | D:3      | Noticed Ijyb
  3037 | D:3      | Killed Ijyb
  3037 | D:3      | Reached skill level 3 in Axes
  3257 | D:4      | Reached skill level 4 in Axes
  3257 | D:4      | Reached XP level 6. HP: 38/51 MP: 6/6
  3657 | D:4      | Noticed Eustachio
  3662 | D:5      | Entered Level 5 of the Dungeon
  3971 | D:4      | Killed Eustachio
  3971 | D:4      | Reached skill level 5 in Axes
  4044 | D:4      | Reached XP level 7. HP: 56/57 MP: 7/7
  4295 | D:3      | Reached skill level 6 in Axes
  4644 | D:3      | Found a basalt altar of Yredelemnul.
  4646 | D:3      | Found a glowing silver altar of Zin.
  4646 | D:3      | Found an opulent altar of Gozag.
  4646 | D:3      | Found a stormy altar of Qazlal.
  4661 | D:3      | Found a shimmering altar of Xom.
  4661 | D:3      | Found a burning altar of Makhleb.
  4663 | D:3      | Found a sacrificial altar of Ru.
  4699 | D:3      | Became a worshipper of Gozag Ym Sagoz the Greedy
  4731 | D:3      | Noticed Sigmund
  6169 | D:5      | Noticed Duvessa
  6169 | D:5      | Noticed Dowan
  6207 | D:5      | Killed Duvessa
  6207 | D:5      | Reached XP level 8. HP: 36/67 MP: 5/9
  6219 | D:5      | Killed Dowan
  8017 | D:6      | You fall into a shaft and drop 1 floor!
  8888 | D:7      | Found a staircase to the Ecumenical Temple.
  8915 | D:7      | Reached skill level 7 in Axes
  9091 | D:7      | Noticed Pikel
  9263 | D:7      | Found an iron altar of Okawaru.
  9548 | D:7      | Reached XP level 9. HP: 76/78 MP: 11/11
  9678 | D:7      | Killed Pikel
  9825 | D:8      | Found a radiant altar of Vehumet.
  9976 | D:8      | Noticed a hornet
  9985 | D:8      | Killed a hornet
  9985 | D:8      | Reached skill level 8 in Axes
 10318 | D:8      | Bought a scroll labeled ISSOPO PYALOT for 19 gold pieces
 10318 | D:8      | Bought a scroll labeled VIELANK QOBATZ for 19 gold pieces
 10538 | D:8      | Slain by a crocodile

Levels and vault maps discovered:
D:1:      wheals_arrival_shading, layout_rooms
D:2:      layout_basic, marbit_many_paths, uniq_natasha, uniq_robin
D:3:      layout_loops_ring, grunt_temple_overflow_open, first_ration,
          uniq_sigmund, uniq_ijyb
D:4:      layout_rooms, uniq_eustachio
D:5:      layout_basic, dk_rats_in_the_wall, uniq_duvessa
D:6:      layout_rooms
D:7:      layout_loops_cross, okawaru_ov_weapons_minmay,
          minmay_temple_entry_glassed_door, uniq_pikel
D:8:      layout_loops_corners, elyvilon_altar_4,
          nicolae_overflow_crystal_walls, lemuel_crystal_altar,
          minmay_lair_entry_grove, basic_altar

Skill      XL: |  1  2  3  4  5  6  7  8  9 |
---------------+----------------------------+-----
Armour         | 1 2 3 4 |  4.8
Axes           | 2 4 5 6 7 8 |  8.2
Fighting       | 2 3 4 |  4.6
Evocations     | 2 3 4 |  4.4
Dodging        | 2 3 |  3.9
Staves         | |  2.0
Throwing       | |  1.0
Stealth        | |  1.6
Conjurations   | |  1.0
Hexes          | |  2.0

Action                   |  1- 3 |  4- 6 |  7- 9 || total
-------------------------+-------+-------+-------++-------
Melee: Short sword       |   107 |   156 |    35 ||   298
       Hand axe          |       |       |   370 ||   370
       Broad axe         |       |       |   150 ||   150
Invok: Call Merchant     |       |       |     1 ||     1
 Abil: Spit Poison       |    22 |    17 |    13 ||    52
Evoke: Wand              |       |       |    15 ||    15
  Use: Scroll            |       |       |    13 ||    13
       Potion            |       |       |     3 ||     3
 Stab: Sleeping          |       |       |     1 ||     1
       Distracted        |       |       |     2 ||     2
       Confused          |       |       |     1 ||     1
  Eat: Chunk             |     1 |     5 |     2 ||     8
       Ration            |       |     1 |     5 ||     6
Armor: Chain mail        |    70 |    68 |   150 ||   288
       Robe              |     1 |       |       ||     1
       Skin              |       |     5 |       ||     5
       Leather armour    |       |    26 |    41 ||    67
       Scale mail        |       |       |    85 ||    85
Dodge: Dodged            |    22 |    64 |   236 ||   322
